 Dungeon Crawl Stone Soup version 0.26-a0-831-g7192265339 (webtiles) character file.

Game seed: 1828189259662779457

380 jiml777 the Magician (level 6, -6/33 HPs)
             Began as a Deep Elf Air Elementalist on Nov 16, 2020.
             Mangled by a gnoll
             ... wielding a +0 spear
              (9 damage)
             ... on level 3 of the Dungeon.
             The game lasted 00:37:08 (3610 turns).

jiml777 the Magician (Deep Elf Air Elementalist)    Turns: 3610, Time: 00:37:09

Health: -6/33      AC:  5    Str:  5    XL:     6   Next: 46%
Magic:  16/16      EV: 13    Int: 22    God:
Gold:   108        SH:  0    Dex: 15    Spells: 6/16 levels left

rFire    . . .     SeeInvis .   e - +2 short sword
rCold    + . .     Faith    .   (no shield)
rNeg     . . .     Spirit   .   a - +1 robe
rPois    .         Reflect  .   d - +1 helmet
rElec    .         Harm     .   (no cloak)
rCorr    .         Rampage  .   (no gloves)
MR       .....                  (no boots)
Stlth    ++........             (no amulet)
HPRegen  0.11/turn              i - ring of protection from cold
MPRegen  0.15/turn              (no ring)

@: no status effects
A: no striking features
a: no special abilities


You were on level 3 of the Dungeon.
You visited 1 branch of the dungeon, and saw 3 of its levels.

You collected 108 gold pieces.

Inventory:

Hand Weapons
 e - a +2 short sword (weapon)
Missiles
 b - 6 poisoned darts (quivered)
 c - 44 arrows
Armour
 a - a +1 robe (worn)
 d - a +1 helmet (worn)
Jewellery
 i - a ring of protection from cold (left hand)
Scrolls
 g - a scroll of amnesia
 k - a scroll of identify
Potions
 f - a potion of might
 h - a potion of flight
 j - 2 potions of curing
 l - a potion of brilliance


   Skills:
 + Level 0.4 Fighting
 + Level 0.1 Short Blades
 + Level 2.7 Dodging
 + Level 3.1 Stealth
 + Level 5.6 Spellcasting
 + Level 3.4 Conjurations
 + Level 5.0 Air Magic


You had 6 spell levels left.
You knew the following spells:

 Your Spells              Type           Power        Failure   Level
a - Shock                 Conj/Air       ###.         1%          1
b - Swiftness             Air            ####....     1%          2
c - Static Discharge      Conj/Air       ###.....     4%          3
d - Airstrike             Air            ####......   12%         4

Your spell library contained the following spells:

 Spells                   Type           Power        Failure   Level
 Lightning Bolt           Conj/Air       ###.......   43%         5


Dungeon Overview and Level Annotations

Branches:
Dungeon (3/15)

Altars:
Fedhas
Hepliaklqana


Message History

You tear a large gash into the net.
The gnoll shouts! x2; The gnoll sergeant shouts!
You hear a shout!
A gnoll comes into view.
The gnoll hits you from afar with a +0 halberd!
A gnoll comes into view. It is wielding a -3 flail.
The gnoll shaman calls upon its god to speed up the gnoll.
The gnoll seems to speed up.
You struggle against the net.
The gnoll hits you from afar with a +0 spear.
The gnoll barely misses you.
You struggle against the net.
The gnoll hits you but does no damage. x2
A gnoll comes into view. It is wielding a +0 flail.
The gnoll shaman hits you with a +0 whip.
You rip the net and break free!
The gnoll barely misses you. The gnoll completely misses you.
The gnoll hits you with a +0 club!
* * * LOW HITPOINT WARNING * * *
The gnoll shaman hits you with a +0 whip.
* * * LOW HITPOINT WARNING * * *
The gnoll hits you from afar with a +0 spear!
You die...

**#############..####............
,,...........)...................
≈≈≈≈≈≈≈≈≈≈≈≈≈≈≈....≈≈≈≈≈≈≈≈≈≈≈≈≈≈
≈≈≈≈≈≈≈≈≈≈≈≈≈≈≈....≈≈≈≈≈≈≈≈≈≈≈≈≈≈
**#≈≈≈≈≈≈≈≈≈≈≈≈....≈≈≈≈≈≈≈≈≈≈≈≈##
,,#............................#g
,,#############''''#############.
*+*,,*,,#######....#######.....#'
*,*,,+,,+...^.'.@..')).).'....)#,
*,*,,*,,#######g.g.#######.....#,
*,************##gg##*****#######,
*,+,,,,+,,,,,,,ggggg,,,,,,+,,,,+,
*,+,,,,+,,,,,,gggggg..,,,,+,,,,+,
*,******,,,,,.ggggg.....,,******,
*,*,,,,*,,,,..........?.,,*,,,,*,
*,*,,,,****#####++######***,,,,*,
*+*,,,,+,,,,,,,+,,+,,,,,,,+,,,,*+


You could see a gnoll sergeant, 2 gnoll shamans and 15 gnolls.

Vanquished Creatures
  A howler monkey (D:2)
  An orc priest (D:2)
  3 orc wizards (D:3)
  7 gnolls (D:3)
  6 adders
  5 worms
  2 dart slugs (D:2)
  2 leopard geckos (D:1)
  11 orcs
  4 giant cockroaches
  8 goblins
  6 hobgoblins
  8 jackals
  3 ball pythons
  10 bats
  3 frilled lizards
  6 kobolds
  5 rats
91 creatures vanquished.

Vanquished Creatures (others)
  A plant (D:3)
1 creature vanquished.

Grand Total: 92 creatures vanquished

Notes
Turn   | Place    | Note
-------+----------+-------------------------------------------
     0 | D:1      | jiml777 the Deep Elf Air Elementalist began the quest for
                  | the Orb.
     0 | D:1      | Reached XP level 1. HP: 10/10 MP: 6/6
   193 | D:1      | Reached XP level 2. HP: 15/15 MP: 5/8
   897 | D:2      | Reached XP level 3. HP: 9/19 MP: 2/9
  1294 | D:2      | Learned a level 2 spell: Swiftness
  1298 | D:2      | Learned a level 3 spell: Static Discharge
  1417 | D:2      | Reached XP level 4. HP: 15/24 MP: 6/12
  1643 | D:2      | Found a hazy altar of Hepliaklqana.
  1692 | D:2      | Learned a level 4 spell: Airstrike
  1722 | D:2      | Reached XP level 5. HP: 24/28 MP: 9/13
  2125 | D:2      | Found a blossoming altar of Fedhas.
  2578 | D:3      | Reached skill level 5 in Spellcasting
  2888 | D:3      | Reached XP level 6. HP: 32/33 MP: 10/15
  3541 | D:3      | Reached skill level 5 in Air Magic
  3610 | D:3      | Mangled by a gnoll

Illustrated notes

Levels and vault maps discovered:
D:1:      eino_arrival_water_star, layout_basic, st_stairs_3
D:2:      layout_rooms, overflow_temple_1_default, lemuel_doored_altar
D:3:      lemuel_castle_with_subvaults [lemuel_castle_interior_original],
          layout_basic

Skill      XL: |  1  2  3  4  5  6 |
---------------+-------------------+-----
Air Magic      | 4 5 |  5.0
Spellcasting   | 4 5 |  5.6
Conjurations   | 2 3 |  3.4
Stealth        | 3 |  3.1
Fighting       | |  0.4
Short Blades   | |  0.1
Dodging        | |  2.7

Action                   |  1- 3 |  4- 6 || total
-------------------------+-------+-------++-------
Melee: Short sword       |       |     2 ||     2
 Cast: Shock             |    50 |   133 ||   183
       Airstrike         |       |     6 ||     6
  Use: Scroll            |       |    15 ||    15
Armor: Robe              |     1 |     6 ||     7
Dodge: Dodged            |     5 |    33 ||    38

Table legend: (Time is in decaauts)
 A = Elapsed time spent in this place.
 B = Non-inter-level travel time spent in this place.
 C = Inter-level travel time spent in this place.
 D = Time resting spent in this place.
 E = Time spent auto-exploring this place.
 F = Levels seen in this place.
 G = Mean time per level.
                   A        B        C        D        E       F      G
               +--------+--------+--------+--------+--------+-----+--------+
         Total |   3609 |   3542 |     67 |   1689 |    786 |   3 | 1203.0 |
       Dungeon |   3609 |   3542 |     67 |   1689 |    786 |   3 | 1203.0 |
               +--------+--------+--------+--------+--------+-----+--------+

Top non-repeatable levels by time:
     D:2: 1299 daAuts
     D:3: 1195 daAuts
     D:1: 1113 daAuts
